 Dungeon Crawl Stone Soup version 0.30.1-11-g7821555f0a (webtiles) character file.

Game seed: 2291323898852936105

7 jagang the Slasher (level 2, 0/25 HPs)
             Began as a Barachi Monk on Nov 1, 2023.
             Slain by a quokka (5 damage)
             ... on level 1 of the Dungeon.
             The game lasted 00:00:29 (140 turns).

jagang the Slasher (Barachi Monk)                    Turns: 140, Time: 00:00:29

Health: 0/25       AC:  2    Str: 12    XL:     2   Next: 4%
Magic:  2/2        EV: 18    Int: 10    God:
Gold:   13         SH:  0    Dex: 14    Spells: 1/1 levels left

rFire   . . .        a - +0 falchion
rCold   . . .        d - orb {light}
rNeg    . . .        b - +0 robe
rPois   .            (no helmet)
rElec   .            (no cloak)
rCorr   .            (no gloves)
SInv    .            (no boots)
Will    .....        (no amulet)
Stlth   +            h - +5 ring of evasion
HPRegen 0.24/turn    (no ring)
MPRegen 0.08/turn

%: no passive effects
@: glowing, slow
A: amphibious, slowness 1, strong legs 1, +LOS
a: Hop


You were on level 1 of the Dungeon.
You visited 1 branch of the dungeon, and saw 1 of its levels.

You collected 13 gold pieces.

Inventory:

Hand Weapons
 a - a +0 falchion (weapon)
Armour
 b - a +0 robe (worn)
 d - an orb of light (worn)
Jewellery
 e - a ring of ice
 h - a +5 ring of evasion (left hand)
Scrolls
 f - a scroll of noise {unknown}
 g - a scroll of teleportation {unknown}
 i - a scroll of identify {unknown}
Potions
 c - a potion of ambrosia


   Skills:
 + Level 3.7 Fighting
 * Level 3.9 Long Blades
 + Level 0.6 Armour
 + Level 3.4 Dodging


You had one spell level left.
You didn't know any spells.
Your spell library was empty.

Dungeon Overview and Level Annotations

Branches:
Dungeon (1/15)

Altars:


Innate Abilities, Weirdness & Mutations

You are amphibious.
You cover ground slowly.
You can hop short distances.
You have an extended range of vision and can be seen from far away.


Message History

You kill the jackal!
The quokka completely misses you. The jackal completely misses you.
You hit the jackal.
The jackal is heavily wounded.
The quokka bites you. The jackal misses you. The quokka barely misses you.
The jackal barely misses you.
You closely miss the jackal.
The jackal is heavily wounded.
The jackal closely misses you. The quokka bites you. The jackal bites you.
You hit the jackal but do no damage.
The jackal is heavily wounded.
The jackal bites you.
The jackal bites you but does no damage.
The quokka closely misses you. The jackal barely misses you.
You are too injured to fight recklessly!
The jackal attacks as you move away! The jackal completely misses you.
The quokka attacks as you move away! The quokka closely misses you.
The jackal barely misses you.
You hit the jackal.
The jackal is severely wounded.
The jackal bites you.
You hit the jackal.
You kill the jackal!
The quokka barely misses you.
You have reached level 2!
You hit the quokka.
The quokka is moderately wounded.
The quokka misses you. The quokka misses you.
You hit the quokka.
The quokka is severely wounded.
The quokka bites you.
* * * LOW HITPOINT WARNING * * *
You barely miss the quokka.
The quokka is severely wounded.
The quokka completely misses you.
You hit the quokka.
The quokka is almost dead.
The quokka bites you.
You die...

#####.......# ####
#...........# ...
#########.###.......####.#
..........# #............#
..........#
#........†...######
########..#
#.##.#####.........
...........##.##.#
#..#######
#######....##.##.# #..#
...# #....##.##@# #..#
#..# #....##..#r# #...
.8.# #.........h# #.#.#
~.## #.#..###.### #.#.#
~.# #.....†........#.# ~.#
#.####.#########.# ~.+ #.#
~.+ #.# ~.# #.#


You could see a quokka and a jackal.

Vanquished Creatures
  An endoplasm (D:1)
  A hobgoblin (D:1)
  3 jackals (D:1)
  A rat (D:1)
6 creatures vanquished.

Notes
Turn   | Place    | Note
-------+----------+-------------------------------------------
     0 | D:1      | jagang the Barachi Monk began the quest for the Orb.
     0 | D:1      | Reached XP level 1. HP: 18/18 MP: 1/1
   136 | D:1      | Reached XP level 2. HP: 8/25 MP: 2/2
   140 | D:1      | Slain by a quokka

Illustrated notes

Levels and vault maps discovered:
D:1:      psy_arrival_whirlpool, layout_loops_ring

Action                     || total
---------------------------++-------
  Melee: Falchion          ||    23
 Armour: Robe              ||     2
  Dodge: Dodged            ||    22
